 Dungeon Crawl Stone Soup version 0.24.0-123-gd5b16e6ec5 (webtiles) character file.

Game seed: 3881705341015119196, levelgen mode: deterministic

135 Legadrian the Magician (level 5, -1/37 HPs)
             Began as a Human Transmuter on Feb 11, 2020.
             Slain by Natasha (7 damage)
             ... on level 2 of the Dungeon.
             The game lasted 00:11:13 (2109 turns).

Legadrian the Magician (Human Transmuter)           Turns: 2109, Time: 00:11:13

Health: -1/37      AC:  2    Str: 10    XL:     5   Next: 42%
Magic:  0/10       EV: 12    Int: 15    God:
Gold:   132        SH:  0    Dex: 13    Spells: 5/11 levels left

rFire    . . .     SeeInvis .   e - +1 whip (freeze)
rCold    . . .     Gourm    .   (no shield)
rNeg     . . .     Faith    .   b - +0 robe
rPois    .         Spirit   .   (no helmet)
rElec    .         Reflect  .   (no cloak)
rCorr    .         Harm     .   (no gloves)
MR       .....                  (boots currently unavailable)
Stlth    +.........             (no amulet)
HPRegen  0.12/turn              (no ring)
MPRegen  0.12/turn              (no ring)

@: appendage, very slightly contaminated, slowed, very slow
A: talons 3
a: End Transformation


You were on level 2 of the Dungeon.
You were not hungry.
You had grown temporary talons.
You visited 1 branch of the dungeon, and saw 2 of its levels.

You collected 132 gold pieces.

Inventory:

Hand Weapons
 e - a +1 whip of freezing (weapon)
Missiles
 a - 91 arrows
 c - 36 bolts
 f - 28 poisoned darts (quivered)
 h - 2 throwing nets
Armour
 b - a +0 robe (worn)
Jewellery
 m - an uncursed ring of protection from fire {unknown}
Scrolls
 g - 5 scrolls of teleportation
 i - 3 scrolls of identify
 j - 2 scrolls of remove curse
 l - a scroll of amnesia {unknown}
 o - a scroll of enchant weapon {unknown}
Potions
 n - a potion of haste {unknown}
Comestibles
 d - 3 rations
 k - 5 chunks of flesh


   Skills:
 - Level 1.0 Fighting
 - Level 0.3 Maces & Flails
 - Level 2.0 Dodging
 - Level 3.0 Unarmed Combat
 + Level 3.7 Spellcasting
 + Level 3.7 Transmutations


You had 5 spell levels left.
You knew the following spells:

 Your Spells              Type           Power        Failure   Level  Hunger
a - Beastly Appendage     Tmut           ##....       4%          1    None
b - Sticks to Snakes      Tmut           ##......     6%          2    ##.....
c - Spider Form           Tmut/Pois      #.........   26%         3    ###....

Your spell library contained the following spells:

 Spells                   Type           Power        Failure   Level  Hunger
 Ice Form                 Ice/Tmut       #.......     65%         4    ####...
 Blade Hands              Tmut           ##........   73%         5    ######.


Dungeon Overview and Level Annotations

Branches:
Dungeon (2/15)

Altars:

Annotations:
D:2 Natasha


Innate Abilities, Weirdness & Mutations

You have claws for feet.


Message History

You are very lightly contaminated with residual magic.
Nothing appears to happen.
The white imp puffs mist at you. The white imp barely misses you.
Natasha claws you!
* * * LOW HITPOINT WARNING * * *
The white imp closely misses you.
Casting: Sticks to Snakes (safe; 6% risk of failure)
Confirm with . or Enter, or press ? or * to list all spells.
Your feet morph into talons.
The white imp disappears in a puff of smoke!
Natasha completely misses you. Natasha claws you.
* * * LOW HITPOINT WARNING * * *
You closely miss Natasha. You claw Natasha.
Natasha is almost dead.
Natasha claws you.
* * * LOW HITPOINT WARNING * * *
You hit Natasha but do no damage.
Natasha is almost dead.
Natasha claws you!
You die...

#.. #.#.........
###..####.#.........
#...##....#.........
#.#....#####........
#...#### ##......# #
##...## ##....##
...#.....## #......
.......§?.## #....##
.......@...# #....#.
........h§.# #....#.
.............## #####..
..............## #.#
...............# #.#
...............# #####..
...#...........# #......
#####..........###.###..
#..........##..# #..


You could see Natasha.

Vanquished Creatures
  An adder (D:2)
  A worm (D:2)
  A dart slug (D:1)
  2 bats
  5 giant cockroaches
  6 goblins
  5 hobgoblins
  4 jackals
  2 ball pythons (D:1)
  10 kobolds
  3 rats (D:2)
40 creatures vanquished.

Vanquished Creatures (collateral kills)
  A bullfrog (D:2)
  Natasha (D:2)
  An adder (D:2)
  A goblin (D:2)
  A hobgoblin (D:2)
  A quokka (D:2)
6 creatures vanquished.

Grand Total: 46 creatures vanquished

Notes
Turn   | Place    | Note
-------+----------+-------------------------------------------
     0 | D:1      | Legadrian the Human Transmuter began the quest for the Orb.
     0 | D:1      | Reached XP level 1. HP: 15/15 MP: 3/3
   377 | D:1      | Reached XP level 2. HP: 10/21 MP: 5/5
   669 | D:1      | Learned a level 2 spell: Sticks to Snakes
   697 | D:1      | Reached XP level 3. HP: 13/26 MP: 1/6
  1548 | D:2      | Noticed Natasha
  1564 | D:2      | Killed Natasha
  1564 | D:2      | Reached XP level 4. HP: 21/32 MP: 1/8
  1693 | D:2      | Noticed a bullfrog
  1703 | D:2      | Killed a bullfrog
  1703 | D:2      | Reached XP level 5. HP: 19/37 MP: 6/10
  1895 | D:2      | Learned a level 3 spell: Spider Form
  2087 | D:2      | Noticed Natasha
  2109 | D:2      | Slain by Natasha

Levels and vault maps discovered:
D:1:      saegor_arrival_miasma, layout_rooms
D:2:      layout_rooms, uniq_natasha

Skill      XL: |  1  2  3 |
---------------+----------+-----
Spellcasting   | 3 |  3.7
Transmutations | 3 |  3.7
Fighting       | |  1.0
Maces & Flails | |  0.3
Dodging        | |  2.0
Unarmed Combat | |  3.0

Action                   |  1- 3 |  4- 6 || total
-------------------------+-------+-------++-------
Melee: Unarmed           |    48 |     8 ||    56
       Headbutt          |     6 |       ||     6
       Kick              |     2 |     1 ||     3
       Whip              |    51 |    28 ||    79
 Cast: Beastly Appendage |    15 |     4 ||    19
       Sticks to Snakes  |     8 |     6 ||    14
       Spider Form       |       |     1 ||     1
  Use: Scroll            |     4 |       ||     4
       Potion            |       |     1 ||     1
 Stab: Distracted        |       |     1 ||     1
  Eat: Chunk             |     2 |     3 ||     5
Armor: Robe              |    12 |     6 ||    18
       Skin              |       |     1 ||     1
Dodge: Dodged            |    56 |    29 ||    85
